 Dungeon Crawl Stone Soup version 0.31.0-11-ge490571c62 (webtiles) character file.

Game seed: 7887985506523504390

730 Ashen the Sneak (level 7, -2/51 HPs)
             Began as a Gnoll Enchanter on Feb 5, 2024.
             Was a Follower of Uskayaw.
             Slain by an iguana (5 damage)
             ... on level 5 of the Dungeon.
             The game lasted 00:10:07 (3208 turns).

Ashen the Sneak (Gnoll Enchanter)                   Turns: 3208, Time: 00:10:07

Health: -2/51      AC:  2    Str:  6 (7)  XL:     7   Next: 73%
Magic:  13/15      EV: 14    Int: 13 (14) God:    Uskayaw [*.....]
Gold:   74         SH:  0    Dex: 15      Spells: 6/17 levels left

rFire   . . .        a - +1 dagger
rCold   . . .        (no shield)
rNeg    . . .        b - +0 robe
rPois   .            (helmet currently unavailable)
rElec   .            (cloak currently unavailable)
rCorr   .            (gloves currently unavailable)
SInv    .            (boots currently unavailable)
Will    +....        (no amulet)
Stlth   +++          q - ring of willpower
HPRegen 0.28/turn    o - ring of wizardry
MPRegen 0.14/turn

%: wizardry (x1)
@: beast-form, invisible
A: beast (slay +1), fangs 1, strong nose, distributed training
a: Begin Untransformation, Renounce Religion, Stomp


You were on level 5 of the Dungeon.
You worshipped Uskayaw.
Uskayaw was noncommittal.
You were a hulking beast.
You visited 1 branch of the dungeon, and saw 5 of its levels.

You collected 324 gold pieces.
You spent 250 gold pieces at shops.

Inventory:

Hand Weapons
 a - a +1 dagger (weapon)
 h - a +2 demon blade of electrocution
Armour
 b - a +0 robe (worn)
Jewellery
 o - a ring of wizardry (right hand)
 q - a ring of willpower (left hand)
Talismans
 t - a beast talisman (active)
Wands
 p - a wand of digging (7)
Scrolls
 e - 4 scrolls of teleportation {unknown}
 f - 2 scrolls of enchant armour {unknown}
 g - 4 scrolls of identify {unknown}
 i - 2 scrolls of blinking {unknown}
 j - a scroll of vulnerability {unknown}
 k - 3 scrolls of enchant weapon {unknown}
 l - a scroll of torment {unknown}
 m - a scroll of noise {unknown}
 s - a scroll of revelation {unknown}
 u - a scroll of immolation {unknown}
 v - a scroll of fog {unknown}
Potions
 c - a potion of invisibility
 d - a potion of lignification


   Skills:
 + Level 2.8 Fighting
 + Level 3.8 Short Blades
 + Level 2.8 Long Blades
 + Level 2.8 Axes
 + Level 2.8 Maces & Flails
 + Level 2.8 Polearms
 + Level 2.8 Staves
 + Level 2.8 Ranged Weapons
 + Level 2.8 Throwing
 + Level 2.8 Armour
 + Level 5.4 Dodging
 + Level 6.6 Stealth
 + Level 2.8 Shields
 + Level 2.8 Unarmed Combat
 + Level 5.8 Spellcasting
 + Level 2.2 Conjurations
 + Level 5.9 Hexes
 + Level 2.2 Summonings
 + Level 2.2 Necromancy
 + Level 2.2 Translocations
 + Level 2.2 Fire Magic
 + Level 2.2 Ice Magic
 + Level 2.2 Air Magic
 + Level 2.2 Earth Magic
 + Level 2.2 Alchemy
 + Level 3.1 Invocations
 + Level 2.8 Evocations
 + Level 2.5 Shapeshifting


You had 6 spell levels left.
You knew the following spells:

 Your Spells              Type           Power      Damage    Failure   Level
a - Ensorcelled Hibernat  Hex/Ice        28%        N/A       1%          2
b - Confusing Touch       Hex            19%        N/A       1%          3
c - Tukima's Dance        Hex            19%        N/A       1%          3
d - Dazzling Flash        Conj/Hex       28%        N/A       4%          3

Your spell library contained the following spells:

 Spells                   Type           Power      Damage    Failure   Level
 Jinxbite                 Hex            38%        N/A       1%          2
 Apportation              Tloc           18%        N/A       2%          1
 Inner Flame              Hex/Fire       14%        N/A       4%          3
 Alistair's Intoxication  Alch           6%         N/A       56%         5
 Irradiate                Conj/Alch      4%         3d13      56%         5
 Ignition                 Fire           4%         3d4       100%        8


Dungeon Overview and Level Annotations

Branches:
Dungeon (5/15)
 Temple: D:4-7

Altars:
Cheibriados
Makhleb
Qazlal
Sif Muna
Uskayaw
Xom

Shops:
D:3 =

Annotations:
D:5 1 runed translucent door


Innate Abilities, Weirdness & Mutations

You are a hulking beast.
Your limbs bulge with bestial killing power. (Slay +1)
You have very sharp teeth.
Your uncanny sense of smell can sniff out nearby items.
Your experience applies equally to all skills.


Message History

The phantom is almost destroyed.
The phantom hits you.
You closely miss the phantom.
The phantom is almost destroyed.
The phantom completely misses you. The phantom closely misses you.
You hit the phantom.
The phantom is almost destroyed.
The phantom barely misses you.
You barely miss the phantom.
The phantom is almost destroyed.
The iguana completely misses you. The phantom completely misses you.
You slash the phantom!
You destroy the phantom!
The iguana closely misses you.
You feel your dexterity returning.
Casting: Ensorcelled Hibernation (safe; 1% risk of failure)
Confirm with . or Enter, or press ? or * to list all spells.
Aiming: Ensorcelled Hibernation (safe; 1% risk of failure)
Press: ? - help, Shift-Dir - straight line, f - iguana
Aim: an iguana (chance to affect: 56%)
The iguana looks drowsy...
Your +2 demon blade of electrocution stops crackling.
a - a +1 dagger (weapon)
The iguana hisses angrily.
The iguana bites you but does no damage.
You hit the iguana but do no damage. You hit the iguana.
The iguana is lightly wounded.
The iguana bites you.
You closely miss the iguana.
The iguana is lightly wounded.
The iguana bites you!
* * * LOW HITPOINT WARNING * * *
You closely miss the iguana.
The iguana is lightly wounded.
The iguana bites you!
* * * LOW HITPOINT WARNING * * *
You fade into invisibility!
The iguana bites you.
You die...

#....#....b#....#
#....#######....#
#...............#
#...............#
########'######## .
................#..#..
########.##.###......# ∆
....................#
#######...h.=...... ∆
..........l.....$.
..#####.........##
#.§...........# ∆
#.............#
...≈§..............#
...≈§≈................
.≈≈≈≈.................(.
.≈≈≈≈§≈.≈...............


You could see an iguana (unable to see you).

Vanquished Creatures
  A phantom (D:5)
  8 scorpions
  3 hounds
  An iguana (D:4)
  An adder (D:5)
  2 dart slugs (D:1)
  An orc (D:3)
  3 bats
  7 endoplasms
  11 giant cockroaches
  5 hobgoblins
  8 kobolds
  7 quokkas
  4 ball pythons
  3 frilled lizards
  6 goblins
  7 rats
  A butterfly (D:5)
79 creatures vanquished.

Notes
Turn   | Place    | Note
-------+----------+-------------------------------------------
     0 | D:1      | Ashen the Gnoll Enchanter began the quest for the Orb.
     0 | D:1      | Reached XP level 1. HP: 13/13 MP: 6/6
    35 | D:1      | Reached XP level 2. HP: 10/19 MP: 7/7
   489 | D:1      | Reached skill level 5 in Spellcasting
   489 | D:1      | Reached XP level 3. HP: 25/25 MP: 7/9
   492 | D:1      | Learned a level 2 spell: Ensorcelled Hibernation
   496 | D:1      | Learned a level 3 spell: Confusing Touch
   500 | D:1      | Learned a level 3 spell: Tukima's Dance
   504 | D:1      | Learned a level 3 spell: Dazzling Flash
   597 | D:1      | Reached skill level 6 in Stealth
   647 | D:1      | Reached skill level 1 in Invocations
  1516 | D:3      | Reached skill level 1 in Fighting
  1516 | D:3      | Reached skill level 1 in Long Blades
  1516 | D:3      | Reached skill level 1 in Axes
  1516 | D:3      | Reached skill level 1 in Maces & Flails
  1516 | D:3      | Reached skill level 1 in Polearms
  1516 | D:3      | Reached skill level 1 in Staves
  1516 | D:3      | Reached skill level 1 in Ranged Weapons
  1516 | D:3      | Reached skill level 1 in Throwing
  1516 | D:3      | Reached skill level 1 in Armour
  1516 | D:3      | Reached skill level 1 in Shields
  1516 | D:3      | Reached skill level 1 in Unarmed Combat
  1516 | D:3      | Reached skill level 1 in Evocations
  1754 | D:3      | Found Zisul's Jewellery Emporium.
  1762 | D:3      | Bought a ring of willpower for 250 gold pieces
  1808 | D:3      | Found a burning altar of Makhleb.
  1909 | D:3      | Reached skill level 1 in Shapeshifting
  1909 | D:3      | Reached XP level 4. HP: 31/32 MP: 11/11
  2004 | D:3      | Found a snail-covered altar of Cheibriados.
  2010 | D:3      | Found a shimmering altar of Xom.
  2011 | D:3      | Found a shimmering blue altar of Sif Muna.
  2012 | D:3      | Found a hide-covered altar of Uskayaw.
  2015 | D:3      | Became a worshipper of Uskayaw the Reveller
  2123 | D:4      | Reached * piety under Uskayaw
  2217 | D:4      | Reached skill level 1 in Conjurations
  2217 | D:4      | Reached skill level 1 in Summonings
  2217 | D:4      | Reached skill level 1 in Necromancy
  2217 | D:4      | Reached skill level 1 in Translocations
  2217 | D:4      | Reached skill level 1 in Fire Magic
  2217 | D:4      | Reached skill level 1 in Ice Magic
  2217 | D:4      | Reached skill level 1 in Air Magic
  2217 | D:4      | Reached skill level 1 in Earth Magic
  2217 | D:4      | Reached skill level 1 in Alchemy
  2218 | D:4      | Noticed a scorpion
  2268 | D:4      | Killed a scorpion
  2268 | D:4      | Reached ** piety under Uskayaw
  2269 | D:4      | Reached XP level 5. HP: 37/37 MP: 7/12
  2414 | D:4      | Reached XP level 6. HP: 42/44 MP: 7/14
  2416 | D:4      | Identified the maw talisman of the Writhing Gods {*Slow
                  | Dex+5}
  2653 | D:5      | Entered Level 5 of the Dungeon
  2727 | D:5      | Reached skill level 5 in Dodging
  2900 | D:5      | Found a runed translucent door.
  2902 | D:5      | Found a runed translucent door.
  2926 | D:5      | Reached *** piety under Uskayaw
  2927 | D:5      | Reached XP level 7. HP: 51/51 MP: 9/15
  2930 | D:5      | Reached **** piety under Uskayaw
  3192 | D:5      | Found a stormy altar of Qazlal.
  3207 | D:5      | HP: 2/51 [iguana (13)]
  3208 | D:5      | Slain by an iguana

Illustrated notes

Levels and vault maps discovered:
D:1:      dpeg_arrival_short_road, layout_loops_ring, minmay_hexomino_u4
D:2:      layout_rooms
D:3:      layout_rooms, mainiacjoe_overflow_alcove_3,
          mainiacjoe_overflow_surrounded_room, serial_shops, shop
D:4:      layout_cave_pools
D:5:      lemuel_insect_pit, layout_basic, nicolae_qazlal_general_emergency,
          minmay_temple_entry_fiery, gammafunk_ghost_grave

Skill      XL: |  1  2  3  4  5  6  7 |
---------------+----------------------+-----
Spellcasting   | 5 |  5.8
Stealth        | 6 |  6.6
Invocations    | 1 2 3 |  3.1
Fighting       | 1 2 |  2.8
Long Blades    | 1 2 |  2.8
Axes           | 1 2 |  2.8
Maces & Flails | 1 2 |  2.8
Polearms       | 1 2 |  2.8
Staves         | 1 2 |  2.8
Ranged Weapons | 1 2 |  2.8
Throwing       | 1 2 |  2.8
Armour         | 1 2 |  2.8
Shields        | 1 2 |  2.8
Unarmed Combat | 1 2 |  2.8
Evocations     | 1 2 |  2.8
Shapeshifting  | 1 2 |  2.5
Conjurations   | 1 2 |  2.2
Summonings     | 1 2 |  2.2
Necromancy     | 1 2 |  2.2
Translocations | 1 2 |  2.2
Fire Magic     | 1 2 |  2.2
Ice Magic      | 1 2 |  2.2
Air Magic      | 1 2 |  2.2
Earth Magic    | 1 2 |  2.2
Alchemy        | 1 2 |  2.2
Short Blades   | 3 |  3.8
Dodging        | 5 |  5.4
Hexes          | |  5.9

Action                     |  1- 3 |  4- 6 |  7- 9 || total
---------------------------+-------+-------+-------++-------
  Melee: Dagger            |   134 |    45 |    37 ||   216
         Bite              |     9 |       |     2 ||    11
         Punch             |       |     1 |     2 ||     3
         Demon blade       |       |       |    16 ||    16
   Cast: Ensorcelled Hiber |    10 |    18 |     8 ||    36
    Use: Potion            |       |       |     5 ||     5
   Stab: Sleeping          |    18 |    18 |     3 ||    39
         Paralysed         |       |       |     2 ||     2
 Armour: Robe              |    53 |    15 |    17 ||    85
         Skin              |       |       |    63 ||    63
  Dodge: Dodged            |    71 |    23 |    21 ||   115
   Form: Beast             |       |     1 |       ||     1
